 Dungeon Crawl Stone Soup version 0.25.1-2-g60ff931df9 (webtiles) character file.

Game seed: 16160435274531713262

3 Whomstve the Digger (level 1, 0/10 HPs)
             Began as a Gargoyle Earth Elementalist on Aug 7, 2020.
             Slain by a hobgoblin (1 damage)
             ... on level 1 of the Dungeon.
             The game lasted 00:03:53 (336 turns).

Whomstve the Digger (Gargoyle Earth Elementalist)    Turns: 336, Time: 00:03:56

Health: 0/10       AC:  4    Str: 11    XL:     1   Next: 50%
Magic:  3/3        EV: 12    Int: 15    God:
Gold:   7          SH:  0    Dex: 10    Spells: 3/4 levels left

rFire    . . .     SeeInvis .   h - +0 spear
rCold    . . .     Gourm    .   (no shield)
rNeg     + . .     Faith    .   c - +0 robe
rPois    ∞         Spirit   .   (no helmet)
rElec    +         Reflect  .   (no cloak)
rCorr    .         Harm     .   (no gloves)
MR       .....                  (no boots)
Stlth    ++........             (no amulet)
HPRegen  0.03/turn              (no ring)
MPRegen  0.08/turn              (no ring)

@: no status effects
A: negative energy resistance 1, electricity resistance, unbreathing,
petrification resistance, rot immunity, AC +2
a: no special abilities


You were on level 1 of the Dungeon.
You were not hungry.

You visited 1 branch of the dungeon, and saw 1 of its levels.

You collected 7 gold pieces.

Inventory:

Hand Weapons
 f - a +0 club
 h - a +0 spear (weapon)
Missiles
 b - 33 stones (quivered)
Armour
 c - a +0 robe (worn)
 i - a +0 ring mail
Scrolls
 a - a scroll of enchant armour {unknown}
 e - a scroll of remove curse {unknown}
Comestibles
 d - a ration
 g - a chunk of flesh


   Skills:
 + Level 0.0 Fighting
 + Level 0.1 Armour
 - Level 1.5 Dodging
 - Level 2.1 Stealth
 * Level 2.0 Spellcasting
   Level 0.7 Transmutations
 * Level 3.8 Earth Magic


You had 3 spell levels left.
You knew the following spells:

 Your Spells              Type           Power        Failure   Level  Hunger
a - Sandblast             Erth           ##....       4%          1    #......

Your spell library contained the following spells:

 Spells                   Type           Power        Failure   Level  Hunger
 Passwall                 Tmut/Erth      #.......     13%         2    ###....
 Stone Arrow              Conj/Erth      #.....       30%         3    ###....
 Petrify                  Tmut/Erth      #.......     65%         4    #####..
 Lee's Rapid Deconstruct  Erth           ##........   77%         5    ######.


Dungeon Overview and Level Annotations

Branches:
Dungeon (1/15)

Altars:


Innate Abilities, Weirdness & Mutations

You are resistant to torment.
Your stone body is resilient. (AC +2)
You are immune to poison.
You resist negative energy. (rN+)
You are resistant to electric shocks. (rElec)
You can survive without breathing.
You are immune to petrification.
You are immune to rotting.


Message History

You barely miss the hobgoblin.
The hobgoblin is heavily wounded.
The hobgoblin closely misses you.
You hit the hobgoblin.
The hobgoblin is severely wounded.
The hobgoblin hits you but does no damage.
You hit the hobgoblin but do no damage.
The hobgoblin is severely wounded.
The gnoll closely misses you. The hobgoblin hits you.
You hit the hobgoblin but do no damage.
The hobgoblin is severely wounded.
The gnoll hits you but does no damage.
The hobgoblin hits you but does no damage.
You closely miss the hobgoblin.
The hobgoblin is severely wounded.
The gnoll hits you from afar with a cursed +0 spear.
Ouch! That really hurt!
* * * LOW HITPOINT WARNING * * *
The hobgoblin hits you.
You die...

########......'....### ..
..............#......# ...
#######.###+###......#....
####...)....# #...........
.....##.###.######.......#
..##.##........ #.####...
..##.##.###.... #.####..##
...............###l.......#
................@gg.###...#
..##.##.##..######g.......#
.....^........ #........
............... .........
..#####.##..#.# .#.#......
..#####........ ..........
......#..#... . #.##.....
......#..#.# #.# .....
...........


You could see a gnoll, 2 hobgoblins and a frilled lizard.

Vanquished Creatures
  A bat (D:1)
  A goblin (D:1)
  A kobold (D:1)
3 creatures vanquished.

Notes
Turn   | Place    | Note
-------+----------+-------------------------------------------
     0 | D:1      | Whomstve the Gargoyle Earth Elementalist began the quest
                  | for the Orb.
     0 | D:1      | Reached XP level 1. HP: 10/10 MP: 3/3
   336 | D:1      | Slain by a hobgoblin

Illustrated notes

Levels and vault maps discovered:
D:1:      nzn_arrival_water_spiral, layout_basic, minmay_domino_2

Action                   || total
-------------------------++-------
Melee: Unarmed           ||    22
       Club              ||    16
       Spear             ||     9
Armor: Robe              ||    23
Dodge: Dodged            ||    32
